 Dungeon Crawl Stone Soup version 0.31-a0-1612-g4aaf141004 (webtiles) character file.

Game seed: 6314597737159126755

56 TransRights the Cudgeller (level 3, -3/33 HPs)
             Began as a Minotaur Berserker on Jan 10, 2024.
             Was a Believer of Trog.
             Slain by an orc
             ... wielding a +0 war axe
              (5 damage)
             ... on level 3 of the Dungeon.
             The game lasted 00:01:35 (1386 turns).

TransRights the Cudgeller (Minotaur Berserker)      Turns: 1386, Time: 00:01:36

Health: -3/33      AC:  2    Str: 21    XL:     3   Next: 69%
Magic:  2/2        EV: 12    Int:  4    God:    Trog [**....]
Gold:   148        SH:  0    Dex: 11    Spells: 2/2 levels left

rFire   . . .        a - +0 mace
rCold   . . .        (no shield)
rNeg    . . .        b - +0 animal skin
rPois   .            (helmet restricted)
rElec   .            (no cloak)
rCorr   .            (no gloves)
SInv    .            (no boots)
Will    .....        (no amulet)
Stlth   +            h - +4 ring of slaying
HPRegen 0.25/turn    (no ring)
MPRegen 0.08/turn

%: no passive effects
@: no status effects
A: horns 2, retaliatory headbutt
a: Renounce Religion, Berserk, Trog's Hand


You were on level 3 of the Dungeon.
You worshipped Trog.
Trog was pleased with you.
You visited 1 branch of the dungeon, and saw 3 of its levels.

You collected 148 gold pieces.

Inventory:

Hand Weapons
 a - a +0 mace (weapon)
Armour
 b - a +0 animal skin (worn)
Jewellery
 h - a +4 ring of slaying (left hand)
Scrolls
 f - a scroll of amnesia
Potions
 c - a potion of resistance
 d - a potion of degeneration
 e - 3 potions of enlightenment
 g - a potion of might {unknown}


   Skills:
 + Level 4.2 Fighting
 + Level 4.7 Maces & Flails
 + Level 2.6 Armour
 + Level 2.6 Dodging
 + Level 0.3 Stealth


You had 2 spell levels left.
You didn't know any spells.
Your spell library was empty.

Dungeon Overview and Level Annotations

Branches:
Dungeon (3/15)

Altars:


Innate Abilities, Weirdness & Mutations

You have a pair of horns on your head.
You reflexively headbutt those who attack you in melee.


Message History

There are monsters nearby!
A giant cockroach comes into view.
Found 2 metallic silvery potions.
The ball python barely misses you. You furiously retaliate!
You headbutt the ball python!
You kill the ball python!
Trog accepts your kill.
There are monsters nearby!
The orc completely misses you.
You closely miss the orc. You headbutt the orc!
You kill the orc!
Trog accepts your kill.
You can now call upon Trog for regeneration and willpower.
The orc hits you with a +0 war axe! The orc hits you with a +0 club.
The orc hits you with a +0 hand axe.
You are too injured to fight recklessly!
You are too injured to fight recklessly!
You are too injured to fight recklessly!
You are too injured to fight recklessly!
You are too injured to fight recklessly!
You closely miss the orc. You headbutt the orc.
You kill the orc!
Trog accepts your kill. The orc hits you with a +0 club.
You barely miss the orc. Your headbutt misses the orc.
The orc hits you with a +0 war axe.
* * * LOW HITPOINT WARNING * * *
The orc hits you but does no damage. The orc hits you with a +0 club.
* * * LOW HITPOINT WARNING * * *
The orc closely misses you.
You thump the orc!
You kill the orc!
Trog accepts your kill. The orc closely misses you.
The orc hits you with a +0 short sword.
* * * LOW HITPOINT WARNING * * *
The orc barely misses you.
The frilled lizard bites you but does no damage.
You hit the orc. Your headbutt misses the orc.
The orc is moderately wounded.
The giant cockroach closely misses you. The orc hits you with a +0 war axe.
You die...

........#
........#
##.....#..
#.......##
#........#
##.........
#..<.......
##).l.......
#.o@.....(..
#..oBo.......
#.........<....
#.......<......
##.............
!.......>......
#####...........
##.........


You could see 3 orcs, a giant cockroach and a frilled lizard.

Vanquished Creatures
  An adder (D:2)
  3 ribbon worms (D:2)
  3 orcs (D:3)
  4 endoplasms
  3 giant cockroaches
  4 hobgoblins
  3 jackals (D:2)
  A quokka (D:2)
  6 ball pythons
  2 bats
  A frilled lizard (D:2)
  2 kobolds
  A rat (D:1)
34 creatures vanquished.

Notes
Turn   | Place    | Note
-------+----------+-------------------------------------------
     0 | D:1      | TransRights the Minotaur Berserker began the quest for the
                  | Orb.
     0 | D:1      | Reached XP level 1. HP: 19/19 MP: 0/0
   229 | D:1      | Reached XP level 2. HP: 27/27 MP: 1/1
   247 | D:1      | Found a faded altar of an unknown god.
  1081 | D:2      | Reached XP level 3. HP: 17/33 MP: 2/2
  1382 | D:3      | Reached ** piety under Trog
  1386 | D:3      | Slain by an orc

Illustrated notes

Levels and vault maps discovered:
D:1:      arrival_zaba_pyramid, layout_basic,
          shapermc_ecumenical_altar_hornbeckon, dk_noncrumbling_4
D:2:      layout_rooms, minmay_unequal
D:3:      layout_basic, tgw_sif, amcnicky_altar_gilded,
          mainiacjoe_overflow_24_doors, serial_shops, shop

Skill      XL: |  1  2 |
---------------+-------+-----
Maces & Flails | 4 |  4.7
Fighting       | 4 |  4.2
Armour         | |  2.6
Dodging        | |  2.6
Stealth        | |  0.3

Action                     || total
---------------------------++-------
  Melee: Mace              ||    68
         Headbutt          ||     6
    Use: Scroll            ||     5
 Armour: Animal skin       ||    46
  Dodge: Dodged            ||    53

Table legend: (Time is in decaauts)
 A = Elapsed time spent in this place.
 B = Non-inter-level travel time spent in this place.
 C = Inter-level travel time spent in this place.
 D = Time resting spent in this place.
 E = Time spent auto-exploring this place.
 F = Levels seen in this place.
 G = Mean time per level.
                   A        B        C        D        E       F      G
               +--------+--------+--------+--------+--------+-----+--------+
         Total |   1405 |   1359 |     46 |      0 |   1160 |   3 |  468.3 |
       Dungeon |   1405 |   1359 |     46 |      0 |   1160 |   3 |  468.3 |
               +--------+--------+--------+--------+--------+-----+--------+

Top non-repeatable levels by time:
     D:1: 785 daAuts
     D:2: 612 daAuts
     D:3: 7 daAuts
